 Dungeon Crawl Stone Soup version 0.28-a0-674-gdaf460b524 (webtiles) character file.

Game seed: 8455253748483314891

2384 demibob the Shield-Bearer (level 9, -4/66 (74) HPs)
             Began as a Gnoll Fighter on Oct 17, 2021.
             Was a Follower of Okawaru.
             Slain by a wight (6 damage)
             ... on level 8 of the Dungeon.
             The game lasted 00:13:31 (8738 turns).

demibob the Shield-Bearer (Gnoll Fighter)           Turns: 8738, Time: 00:13:32

HP:   -4/66 (74)    AC:  9    Str: 16    XL:     9   Next: 45%
MP:   14/15         EV: 14    Int: 11    God:    Okawaru [*.....]
Gold: 4             SH:  7    Dex: 13    Spells: 16/16 levels left

rFire   + . .      SeeInvis .   a - +1 war axe (flame)
rCold   + . .      Faith    .   c - +0 buckler
rNeg    . . .      Spirit   .   o - +2 ring mail {rF+}
rPois   .          Reflect  .   j - +0 helmet
rElec   .          Harm     .   (no cloak)
rCorr   +          Rampage  .   (no gloves)
Will    .....                   (no boots)
Stlth   +++.......              (no amulet)
HPRegen 0.21/turn               C - ring of protection from cold
MPRegen 0.14/turn               R - ring of resist corrosion

@: heroic, heavily drained
A: fangs 1, strong nose, distributed training, agile 1, deformed body
a: Renounce Religion, Heroism


You were on level 8 of the Dungeon.
You worshipped Okawaru.
Okawaru was aware of your devotion.
You visited 2 branches of the dungeon, and saw 9 of its levels.

You collected 268 gold pieces.
You spent 264 gold pieces at shops.


Innate Abilities, Weirdness & Mutations

You have very sharp teeth.
Your uncanny sense of smell can sniff out nearby items.
Your experience applies equally to all skills.
You are agile. (Dex +2)
Armour fits poorly on your strangely shaped body.


   Skills:
 + Level 7.9(12.9) Fighting
 + Level 4.2(9.2) Short Blades
 + Level 4.2(9.2) Long Blades
 + Level 6.3(11.3) Axes
 + Level 4.2(9.2) Maces & Flails
 + Level 4.2(9.2) Polearms
 + Level 4.2(9.2) Staves
 + Level 4.2(9.2) Slings
 + Level 4.2(9.2) Bows
 + Level 4.2(9.2) Crossbows
 + Level 4.2(9.2) Throwing
 + Level 7.9(12.9) Armour
 + Level 4.2(9.2) Dodging
 + Level 4.2(9.2) Stealth
 + Level 7.9(12.9) Shields
 + Level 4.2(9.2) Unarmed Combat
 + Level 4.2 Spellcasting
 + Level 3.5 Conjurations
 + Level 3.5 Hexes
 + Level 3.5 Summonings
 + Level 3.5 Necromancy
 + Level 3.5 Translocations
 + Level 3.5 Transmutations
 + Level 3.5 Fire Magic
 + Level 3.5 Ice Magic
 + Level 3.5 Air Magic
 + Level 3.5 Earth Magic
 + Level 3.5 Poison Magic
 + Level 4.7 Invocations
 + Level 4.2 Evocations


You had 16 spell levels left.
You didn't know any spells.
Your spell library contained the following spells:

 Spells                   Type           Power      Damage    Failure   Level
 Scorch                   Fire           20%        2d6       13%         2
 Static Discharge         Conj/Air       10%        N/A       13%         2
 Flame Wave               Conj/Fire      10%        3d4       65%         4
 Lightning Bolt           Conj/Air       5%         1d17      94%         5
 Maxwell's Capacitive Co  Air            5%         ∞         100%        8
 Summon Cactus Giant      Summ           Unusable   N/A       N/A         6

Inventory:

Hand Weapons
 a - a +1 war axe of flaming (weapon)
 n - a +0 hand axe of flaming
Missiles
 g - 2 throwing nets {=f}
 s - 48 poisoned darts (quivered)
Armour
 c - a +0 buckler (worn)
 j - a +0 helmet (worn)
 o - a +2 ring mail of fire resistance (worn)
Jewellery
 C - a ring of protection from cold (left hand)
 R - a ring of resist corrosion (right hand)
Wands
 l - a wand of mindburst (15)
 p - a wand of polymorph (11)
Scrolls
 b - a scroll of fear
 d - a scroll of summoning {unknown}
 e - a scroll of amnesia {unknown}
 h - a scroll of fog {unknown}
 k - a scroll of brand weapon
 q - a scroll of enchant weapon
 t - a scroll of acquirement {unknown}
 u - a scroll of identify {@r1}
Potions
 f - a potion of flight
 i - a potion of degeneration
 m - 3 potions of brilliance
 r - 3 potions of curing {@q1}

Dungeon Overview and Level Annotations

Branches:
Dungeon (8/15)             Temple (1/1) D:5            Lair (0/6) D:8

Altars:
Ashenzari
Cheibriados
Gozag
Kikubaaqudgha
Okawaru
Qazlal
Ru
Trog
Uskayaw
Vehumet
Xom
Yredelemnul

Shops:
D:3 ?   D:5 :   D:7 [

Annotations:
D:4 Duvessa

#..## #.........
#Kz### #..#######
...zz ##..# .......
# #...# ......z
..#############..##
##..##.
................#
#.. ##
...............# #.
##...........##
##..@.........#
#...z......(..#
#...zzz........#
#.....K.c......#
#...............#
#................
#...............
#..............
##...........


You could see a centaur (fleeing), 4 wights and a kobold (fleeing).


Message History

The wight barely misses you.
You are too injured to fight recklessly!
You hit the wight but do no damage. You bite the wight.
The wight is heavily damaged.
The wight barely misses you. You block the wight's attack.
The centaur shoots an arrow.
You block the arrow. The wight closely misses you.
You closely miss the wight.
The wight is heavily damaged.
The centaur shoots an arrow.
The arrow hits you!
* * * LOW HITPOINT WARNING * * *
You block the wight's attack. The wight misses you.
The centaur shoots an arrow.
The arrow barely misses you.
You closely miss the wight.
The wight is heavily damaged.
The wight closely misses you.
The wight hits you from afar with a +3 halberd!
* * * LOW HITPOINT WARNING * * *
You feel drained.
* * * LOW HITPOINT WARNING * * *
The wight hits you with a +0 halberd.
* * * LOW HITPOINT WARNING * * *
You feel drained.
* * * LOW HITPOINT WARNING * * *
The centaur shoots an arrow.
The arrow misses you.
Okay, then.
As you read the scroll of fear, it crumbles to dust.
You assume a fearsome visage.
The kobold looks frightened!
The wight is unaffected. x4; The centaur looks frightened!
The wight hits you from afar with a +0 halberd.
You die...

Skill      XL: |  1  2  3  4  5  6  7  8  9 |
---------------+----------------------------+-----
Invocations    | 1 2 3 4 |  4.7
Short Blades   | 1 2 3 4 |  4.2
Long Blades    | 1 2 3 4 |  4.2
Maces & Flails | 1 2 3 4 |  4.2
Polearms       | 1 2 3 4 |  4.2
Staves         | 1 2 3 4 |  4.2
Slings         | 1 2 3 4 |  4.2
Bows           | 1 2 3 4 |  4.2
Crossbows      | 1 2 3 4 |  4.2
Throwing       | 1 2 3 4 |  4.2
Dodging        | 1 2 3 4 |  4.2
Stealth        | 1 2 3 4 |  4.2
Unarmed Combat | 1 2 3 4 |  4.2
Spellcasting   | 1 2 3 4 |  4.2
Evocations     | 1 2 3 4 |  4.2
Conjurations   | 1 2 3 |  3.5
Hexes          | 1 2 3 |  3.5
Summonings     | 1 2 3 |  3.5
Necromancy     | 1 2 3 |  3.5
Translocations | 1 2 3 |  3.5
Transmutations | 1 2 3 |  3.5
Fire Magic     | 1 2 3 |  3.5
Ice Magic      | 1 2 3 |  3.5
Air Magic      | 1 2 3 |  3.5
Earth Magic    | 1 2 3 |  3.5
Poison Magic   | 1 2 3 |  3.5
Axes           | 5 6 |  6.3
Fighting       | 7 |  7.9
Armour         | 7 |  7.9
Shields        | 7 |  7.9

Action                   |  1- 3 |  4- 6 |  7- 9 || total
-------------------------+-------+-------+-------++-------
Melee: War axe           |    78 |   159 |   298 ||   535
       Bite              |     3 |    22 |    34 ||    59
Throw: Dart              |       |       |    33 ||    33
Invok: Heroism           |       |       |     3 ||     3
  Use: Scroll            |       |     7 |     6 ||    13
       Potion            |       |    10 |     3 ||    13
 Stab: Invisible         |       |     1 |       ||     1
       Sleeping          |       |       |     1 ||     1
Armor: Scale mail        |    40 |     1 |       ||    41
       Ring mail         |       |    50 |    79 ||   129
Dodge: Dodged            |    27 |    79 |   165 ||   271
Block: Buckler           |    29 |    33 |    95 ||   157

Levels and vault maps discovered:
D:1:      lightli_arrival_maybe_door_vault, layout_basic,
          shapermc_ecumenical_altar_totnotflames, hangedman_decor_points,
          minmay_pentomino_o4
D:2:      layout_basic, columned_hall_lemuel, minmay_misc_feat_square,
          corexii_item_surrounded_by_moat
D:3:      layout_basic, serial_shops, shop, uniq_natasha
D:4:      layout_basic, amcnicky_mini_pool_small, dk_vineyard_1, uniq_duvessa
D:5:      layout_gridville, minmay_temple_entry_tees, serial_shops, shop
D:6:      layout_basic, uniq_grinder
D:7:      layout_cave_pods, serial_shops, nicolae_stop_n_shop_2
D:8:      layout_cave_pods, david_lair_shrubbed, uniq_prince_ribbit1
Temple:   compressed_dpeg_triangle_lava_temple

Notes
Turn   | Place    | Note
-------+----------+-------------------------------------------
     0 | D:1      | demibob the Gnoll Fighter began the quest for the Orb.
     0 | D:1      | Reached XP level 1. HP: 23/23 MP: 1/1
   180 | D:1      | Found a faded altar of an unknown god.
   220 | D:1      | Reached XP level 2. HP: 29/29 MP: 2/2
   741 | D:2      | Reached XP level 3. HP: 35/35 MP: 3/3
   843 | D:2      | Reached skill level 1 in Invocations
  1422 | D:2      | Reached skill level 1 in Short Blades
  1422 | D:2      | Reached skill level 1 in Long Blades
  1422 | D:2      | Reached skill level 1 in Maces & Flails
  1422 | D:2      | Reached skill level 1 in Polearms
  1422 | D:2      | Reached skill level 1 in Staves
  1422 | D:2      | Reached skill level 1 in Slings
  1422 | D:2      | Reached skill level 1 in Bows
  1422 | D:2      | Reached skill level 1 in Crossbows
  1422 | D:2      | Reached skill level 1 in Throwing
  1422 | D:2      | Reached skill level 1 in Dodging
  1422 | D:2      | Reached skill level 1 in Stealth
  1422 | D:2      | Reached skill level 1 in Unarmed Combat
  1422 | D:2      | Reached skill level 1 in Spellcasting
  1422 | D:2      | Reached skill level 1 in Evocations
  1422 | D:2      | Reached XP level 4. HP: 41/41 MP: 5/5
  2156 | D:3      | Found Tapa's Magic Scroll Boutique.
  2183 | D:3      | Bought a scroll of identify for 24 gold pieces
  2198 | D:3      | Noticed Natasha
  2218 | D:3      | Killed Natasha
  2219 | D:3      | Reached skill level 1 in Conjurations
  2219 | D:3      | Reached skill level 1 in Hexes
  2219 | D:3      | Reached skill level 1 in Summonings
  2219 | D:3      | Reached skill level 1 in Necromancy
  2219 | D:3      | Reached skill level 1 in Translocations
  2219 | D:3      | Reached skill level 1 in Transmutations
  2219 | D:3      | Reached skill level 1 in Fire Magic
  2219 | D:3      | Reached skill level 1 in Ice Magic
  2219 | D:3      | Reached skill level 1 in Air Magic
  2219 | D:3      | Reached skill level 1 in Earth Magic
  2219 | D:3      | Reached skill level 1 in Poison Magic
  2220 | D:3      | Noticed Natasha
  2237 | D:3      | Killed Natasha
  2238 | D:3      | Reached XP level 5. HP: 17/47 MP: 5/7
  2244 | D:3      | Noticed Natasha
  2253 | D:3      | Killed Natasha
  2910 | D:4      | Noticed an orc warrior
  2926 | D:4      | Killed an orc warrior
  2927 | D:4      | Reached skill level 2 in Invocations
  2927 | D:4      | Reached XP level 6. HP: 41/53 MP: 8/8
  3045 | D:4      | Noticed Duvessa
  3068 | D:4      | Gained mutation: Armour fits poorly on your strangely
                  | shaped body. [potion of mutation]
  3068 | D:4      | Gained mutation: You are agile. (Dex +2) [potion of
                  | mutation]
  3073 | D:4      | Reached skill level 2 in Short Blades
  3073 | D:4      | Reached skill level 2 in Long Blades
  3073 | D:4      | Reached skill level 5 in Axes
  3073 | D:4      | Reached skill level 2 in Maces & Flails
  3073 | D:4      | Reached skill level 2 in Polearms
  3073 | D:4      | Reached skill level 2 in Staves
  3073 | D:4      | Reached skill level 2 in Slings
  3073 | D:4      | Reached skill level 2 in Bows
  3073 | D:4      | Reached skill level 2 in Crossbows
  3073 | D:4      | Reached skill level 2 in Throwing
  3073 | D:4      | Reached skill level 2 in Dodging
  3073 | D:4      | Reached skill level 2 in Stealth
  3073 | D:4      | Reached skill level 2 in Unarmed Combat
  3073 | D:4      | Reached skill level 2 in Spellcasting
  3073 | D:4      | Reached skill level 2 in Evocations
  3908 | D:4      | Noticed Dowan
  3927 | D:4      | Killed Dowan
  4232 | D:5      | Entered Level 5 of the Dungeon
  4248 | D:5      | Reached skill level 7 in Fighting
  4248 | D:5      | Reached skill level 7 in Armour
  4248 | D:5      | Reached skill level 7 in Shields
  4248 | D:5      | Reached XP level 7. HP: 58/60 MP: 10/10
  4521 | D:5      | Reached skill level 2 in Conjurations
  4521 | D:5      | Reached skill level 2 in Hexes
  4521 | D:5      | Reached skill level 2 in Summonings
  4521 | D:5      | Reached skill level 2 in Necromancy
  4521 | D:5      | Reached skill level 2 in Translocations
  4521 | D:5      | Reached skill level 2 in Transmutations
  4521 | D:5      | Reached skill level 2 in Fire Magic
  4521 | D:5      | Reached skill level 2 in Ice Magic
  4521 | D:5      | Reached skill level 2 in Air Magic
  4521 | D:5      | Reached skill level 2 in Earth Magic
  4521 | D:5      | Reached skill level 2 in Poison Magic
  4530 | D:5      | Found a staircase to the Ecumenical Temple.
  4536 | Temple   | Entered the Ecumenical Temple
  4656 | Temple   | Became a worshipper of Warmaster Okawaru
  4674 | D:5      | Reached skill level 3 in Invocations
  4791 | D:5      | Reached XP level 8. HP: 15/67 MP: 12/12
  5174 | D:5      | Found Ysuj's Book Shop.
  5379 | D:5      | Reached skill level 3 in Short Blades
  5379 | D:5      | Reached skill level 3 in Long Blades
  5379 | D:5      | Reached skill level 3 in Maces & Flails
  5379 | D:5      | Reached skill level 3 in Polearms
  5379 | D:5      | Reached skill level 3 in Staves
  5379 | D:5      | Reached skill level 3 in Slings
  5379 | D:5      | Reached skill level 3 in Bows
  5379 | D:5      | Reached skill level 3 in Crossbows
  5379 | D:5      | Reached skill level 3 in Throwing
  5379 | D:5      | Reached skill level 3 in Dodging
  5379 | D:5      | Reached skill level 3 in Stealth
  5379 | D:5      | Reached skill level 3 in Unarmed Combat
  5379 | D:5      | Reached skill level 3 in Spellcasting
  5379 | D:5      | Reached skill level 3 in Evocations
  6535 | D:6      | Noticed Grinder
  6580 | D:6      | Killed Grinder
  6580 | D:6      | Reached * piety under Okawaru
  6581 | D:6      | Reached skill level 6 in Axes
  6581 | D:6      | Reached skill level 3 in Conjurations
  6581 | D:6      | Reached skill level 3 in Hexes
  6581 | D:6      | Reached skill level 3 in Summonings
  6581 | D:6      | Reached skill level 3 in Necromancy
  6581 | D:6      | Reached skill level 3 in Translocations
  6581 | D:6      | Reached skill level 3 in Transmutations
  6581 | D:6      | Reached skill level 3 in Fire Magic
  6581 | D:6      | Reached skill level 3 in Ice Magic
  6581 | D:6      | Reached skill level 3 in Air Magic
  6581 | D:6      | Reached skill level 3 in Earth Magic
  6581 | D:6      | Reached skill level 3 in Poison Magic
  6581 | D:6      | Reached skill level 4 in Invocations
  6937 | D:7      | Reached XP level 9. HP: 67/72 MP: 14/14
  7113 | D:7      | Found Ynikom's Antique Armour Emporium.
  7294 | D:7      | Reached skill level 4 in Short Blades
  7294 | D:7      | Reached skill level 4 in Long Blades
  7294 | D:7      | Reached skill level 4 in Maces & Flails
  7294 | D:7      | Reached skill level 4 in Polearms
  7294 | D:7      | Reached skill level 4 in Staves
  7294 | D:7      | Reached skill level 4 in Slings
  7294 | D:7      | Reached skill level 4 in Bows
  7294 | D:7      | Reached skill level 4 in Crossbows
  7294 | D:7      | Reached skill level 4 in Throwing
  7294 | D:7      | Reached skill level 4 in Dodging
  7294 | D:7      | Reached skill level 4 in Stealth
  7294 | D:7      | Reached skill level 4 in Unarmed Combat
  7294 | D:7      | Reached skill level 4 in Spellcasting
  7294 | D:7      | Reached skill level 4 in Evocations
  7529 | D:7      | Identified the +1 robe of Mapyam {rC+}
  8456 | D:8      | Found a staircase to the Lair.
  8457 | D:8      | Noticed a komodo dragon
  8600 | D:3      | Bought a scroll of brand weapon for 240 gold pieces
  8737 | D:8      | HP: 4/68 [wight (4)]
  8738 | D:8      | Slain by a wight

Vanquished Creatures
  Grinder (D:6)
  An acid dragon (D:8)
  A water moccasin (D:5)
  An ice beast (D:6)
  An orc warrior (D:4)
  2 sky beasts
  2 necrophages
  A black bear (D:5)
  A phantom (D:5)
  A kobold brigand (D:8)
  2 bullfrogs
  A scorpion (D:5)
  Dowan (D:4)
  A wight (D:8)
  4 howler monkeys
  A bullfrog zombie (D:5)
  2 jellies
  2 centaur skeletons
  A gnoll shaman (D:7)
  2 orc priests (D:4)
  A hound (D:5)
  4 orc wizards
  A bullfrog skeleton (D:6)
  4 iguanas
  Natasha (thrice) (D:3)
  A hound skeleton (D:5)
  4 adders
  3 gnolls (D:7)
  An adder skeleton (D:4)
  2 worms
  A dart slug (D:1)
  27 orcs
  4 ball pythons
  2 endoplasms (D:2)
  2 giant cockroaches
  6 goblins
  6 hobgoblins
  4 bats
  2 frilled lizards
  11 kobolds
  4 rats
122 creatures vanquished.

Table legend: (Time is in decaauts)
 A = Elapsed time spent in this place.
 B = Non-inter-level travel time spent in this place.
 C = Inter-level travel time spent in this place.
 D = Time resting spent in this place.
 E = Time spent auto-exploring this place.
 F = Levels seen in this place.
 G = Mean time per level.
                   A        B        C        D        E       F      G
               +--------+--------+--------+--------+--------+-----+--------+
         Total |   8879 |   8300 |    579 |   1494 |   5483 |   9 |  986.6 |
       Dungeon |   8749 |   8179 |    570 |   1494 |   5372 |   8 | 1093.6 |
        Temple |    129 |    120 |      9 |      0 |    111 |   1 |  129.0 |
               +--------+--------+--------+--------+--------+-----+--------+

Top non-repeatable levels by time:
     D:6: 1454 daAuts
     D:4: 1435 daAuts
     D:7: 1241 daAuts
     D:5: 1214 daAuts
     D:3: 1167 daAuts
     D:2: 1056 daAuts
     D:1: 718 daAuts
     D:8: 461 daAuts
  Temple: 129 daAuts

Table legend:
 A = Non-vault XP
 B = Vault XP
 C = Vault XP percentage of total XP
 D = Non-vault monster count
 E = Vault monster count
 F = Vault count percentage of total count
                 A         B        C        D         E       F
            +---------+---------+-------+---------+---------+-------
      Total |    3025 |     382 |  11.2 |     116 |       6 |   4.9
            +---------+---------+-------+---------+---------+-------
        D:1 |      17 |       5 |  22.7 |      11 |       3 |  21.4
        D:2 |      68 |       0 |   0.0 |      18 |       0 |   0.0
        D:3 |      92 |      33 |  26.4 |      11 |       1 |   8.3
        D:4 |     312 |      72 |  18.8 |      24 |       1 |   4.0
        D:5 |     744 |       0 |   0.0 |      13 |       0 |   0.0
        D:6 |     683 |     272 |  28.5 |      12 |       1 |   7.7
        D:7 |     673 |       0 |   0.0 |      15 |       0 |   0.0
        D:8 |     436 |       0 |   0.0 |      12 |       0 |   0.0
            +---------+---------+-------+---------+---------+-------
